 Dungeon Crawl Stone Soup version 0.19-a0-1337-g9bf5fb0 (webtiles) character file.

25 MrRokkomies the Cudgeler (level 3, -1/39 HPs)
             Began as an Ogre Skald on Sept 1, 2016.
             Succumbed to an adder's poison
             ... on level 2 of the Dungeon.
             The game lasted 00:03:05 (699 turns).

MrRokkomies the Cudgeler (Ogre Skald)                Turns: 699, Time: 00:03:06

Health: -1/39      AC:  3    Str: 17    XL:     3   Next: 4%
Magic:  6/6        EV: 15    Int: 11    God:
Gold:   47         SH:  0    Dex: 15    Spells: 3 memorised, 1 level left

rFire  . . .     SeeInvis .     a - +0 mace
rCold  . . .     Gourm    .     b - +0 robe
rNeg   . . .     Faith    .     (no shield)
rPois  .         Spirit   .     (helmet restricted)
rElec  .         Dismiss  .     (no cloak)
rCorr  .         Reflect  .     (gloves unavailable)
MR     .....     Harm     .     (boots unavailable)
Stlth  ++........               (no amulet)
                                (no ring)
                                (no ring)

@: agile, lethally poisoned (-1 -> -17), flying
A: unfitting armour, tough skin 1
a: no special abilities


You were on level 2 of the Dungeon.
You were not hungry.

You visited 1 branch of the dungeon, and saw 2 of its levels.

You collected 47 gold pieces.

Inventory:

Hand Weapons
 a - a +0 mace (weapon)
Missiles
 e - 41 stones (quivered)
Armour
 b - a +0 robe (worn)
Scrolls
 h - 2 scrolls of remove curse
 i - a scroll of amnesia {unknown}
 j - 3 scrolls of enchant armour {unknown}
Books
 c - a book of Battle

   Spells                             Type                      Level
   a - Infusion                       Charms                       1
   b - Shroud of Golubria             Charms/Translocation         2
   c - Song of Slaying                Charms                       2
   d - Spectral Weapon                Hexes/Charms                 3
   e - Regeneration                   Charms/Necromancy            3
Comestibles
 d - 4 bread rations
 g - 3 fruits


   Skills:
 * Level 3.6 Fighting
 * Level 3.7 Maces & Flails
 - Level 1.3 Dodging
 - Level 2.4 Spellcasting
 - Level 2.1 Charms


You had one spell level left.
You knew the following spells:

 Your Spells              Type           Power        Failure   Level  Hunger
a - Infusion              Chrm           #...         14%         1    ##.....
b - Shroud of Golubria    Chrm/Tloc      #.........   30%         2    ###....
c - Song of Slaying       Chrm           #.......     21%         2    ###....


Dungeon Overview and Level Annotations

Branches:
Dungeon (2/15)

Altars:


Innate Abilities, Weirdness & Mutations

You are too large for most types of armour.
You have tough skin. (AC +1)


Message History

You are more poisoned.
The adder poisons you! The adder bites you.
You are more poisoned.
The adder poisons you! The rat bites you.
* * * LOW HITPOINT WARNING * * *
It was a potion of agility.
You feel agile all of a sudden.
* * * LOW HITPOINT WARNING * * *
You feel sick. The adder closely misses you. x2
The rat bites you but does no damage. The adder barely misses you.
The adder closely misses you.
You thump the rat!
You kill the rat!
* * * LOW HITPOINT WARNING * * *
You feel sick. The adder barely misses you. The adder bites you.
* * * LOW HITPOINT WARNING * * *
* * * LOW HITPOINT WARNING * * *
You feel sick. The adder closely misses you.
You see here a rat corpse.
You die...

#...........
#...........
#..........[
#####.......#
#.......<..##
.#.........#
#.........#
#.........#
#..S†@....#
#..S......#
#...<......#
#(.........#
.$..........#
..........!..#
#..#..........#
.....#.......##


You could see 2 adders.

Vanquished Creatures
  A dart slug (D:1)
  A giant gecko (D:1)
  2 hobgoblins (D:1)
  4 kobolds (D:1)
  2 bats (D:1)
  4 giant newts (D:1)
  3 goblins (D:1)
  6 rats
23 creatures vanquished.

Notes
Turn   | Place    | Note
-------+----------+-------------------------------------------
     0 | D:1      | MrRokkomies the Ogre Skald began the quest for the Orb.
     0 | D:1      | Reached XP level 1. HP: 22/22 MP: 3/3
   285 | D:1      | Reached XP level 2. HP: 29/31 MP: 5/5
   315 | D:1      | Learned a level 2 spell: Shroud of Golubria
   318 | D:1      | Learned a level 2 spell: Song of Slaying
   611 | D:1      | Reached XP level 3. HP: 39/39 MP: 6/6
   698 | D:2      | HP: 1/39 [poisoned by an adder]
   699 | D:2      | Succumbed to an adder's poison

Vault maps used:
D:1:      tarquinn_simple_flora_water_e, grunt_decor_resistance
D:2:      lemuel_crystal_altar, first_bread

Skill      XL: |  1 |
---------------+----+-----
Maces & Flails | 3 |  3.7
Fighting       | 3 |  3.6
Dodging        | |  1.3
Spellcasting   | |  2.4
Charms         | |  2.1

Action                   || total
-------------------------++-------
Melee: Mace              ||    67
  Use: Potion            ||     2
       Scroll            ||     1
Armor: Robe              ||    30
Dodge: Dodged            ||    45
